 Dungeon Crawl Stone Soup version 0.27-a0-1281-ge233d83751 (webtiles) character file.

Game seed: 17122546919431619663

240 funkygono the Shield-Bearer (level 6, -2/48 HPs)
             Began as a Formicid Fighter on June 14, 2021.
             Slain by a hobgoblin (9 damage)
             ... on level 4 of the Dungeon.
             The game lasted 00:06:01 (4052 turns).

funkygono the Shield-Bearer (Formicid Fighter)      Turns: 4052, Time: 00:06:02

Health: -2/48      AC:  9    Str: 22    XL:     6   Next: 29%
Magic:  6/6        EV:  6    Int:  8    God:
Gold:   226        SH: 10    Dex: 10    Spells: 5/5 levels left

rFire    + . .     SeeInvis +   a - +0 flail
rCold    . . .     Faith    .   c - +0 kite shield
rNeg     . . .     Spirit   .   e - +0 chain mail
rPois    .         Reflect  .   (helmet unavailable)
rElec    .         Harm     .   (no cloak)
rCorr    .         Rampage  .   (no gloves)
Will     .....                  (no boots)
Stlth    ..........             (no amulet)
HPRegen  0.16/turn              g - ring of protection from fire
MPRegen  0.10/turn              (no ring)

@: no status effects
A: permanent stasis, dig shafts and tunnels, antennae 3, four strong arms
a: Dig, Shaft Self


You were on level 4 of the Dungeon.
You visited 1 branch of the dungeon, and saw 4 of its levels.

You collected 226 gold pieces.

Inventory:

Hand Weapons
 a - a +0 flail (weapon)
 n - a +0 shortbow
 o - a +1 antimagic flail
Missiles
 j - 83 stones
 l - 3 curare-tipped darts
 p - 45 bolts
Armour
 b - a +0 scale mail
 c - a +0 kite shield (worn)
 e - a +0 chain mail (worn)
 i - a +2 ring mail of cold resistance
Jewellery
 g - a ring of protection from fire (left hand)
Scrolls
 m - a scroll of fear
 q - a scroll of immolation {unknown}
 r - a scroll of enchant weapon {unknown}
Potions
 d - a potion of might
 f - a potion of curing
 k - a potion of lignification


   Skills:
 + Level 3.9 Fighting
 + Level 4.1 Maces & Flails
 + Level 4.3 Armour
 + Level 0.6 Dodging
 + Level 5.0 Shields


You had 5 spell levels left.
You didn't know any spells.
Your spell library was empty.

Dungeon Overview and Level Annotations

Branches:
Dungeon (4/15)
 Temple: D:4-7

Altars:
Trog

Shops:
D:1 [   D:3 [


Innate Abilities, Weirdness & Mutations

You cannot be hasted, slowed, berserked, paralysed or teleported.
You can dig through walls and to a lower floor.
You have a pair of large antennae on your head. (SInv)
Your four strong arms can wield two-handed weapons with a shield.


Message History

A hobgoblin is nearby!
A hobgoblin comes into view. It is wielding a +0 scythe.
A hobgoblin comes into view. It is wielding a +0 scythe.
The hobgoblin shouts!
You block the hobgoblin's attack.
Found 28 stones.
You completely miss the hobgoblin.
The hobgoblin hits you with a +0 scythe!
You closely miss the hobgoblin.
The hobgoblin hits you with a +0 scythe!
The hobgoblin hits you but does no damage.
You closely miss the hobgoblin. You block the hobgoblin's attack. x2
The hobgoblin hits you from afar with a +0 scythe!
You block the hobgoblin's attack.
The hobgoblin hits you from afar with a +0 scythe.
You hit the hobgoblin.
The hobgoblin is heavily wounded.
The hobgoblin hits you from afar with a +0 scythe!
* * * LOW HITPOINT WARNING * * *
The hobgoblin closely misses you. You block the hobgoblin's attack.
You closely miss the hobgoblin.
The hobgoblin is moderately wounded.
The hobgoblin hits you from afar with a +0 scythe.
* * * LOW HITPOINT WARNING * * *
You block the hobgoblin's attack. x2
The hobgoblin hits you from afar with a +0 scythe.
* * * LOW HITPOINT WARNING * * *
You block the hobgoblin's attack.
It was a potion of lignification.
You turn into a tree.
Your +0 chain mail melds into your body.
Your roots penetrate the ground.
You block the hobgoblin's attack.
You cannot move.
You cannot move.
You feel better. You block the hobgoblin's attack.
Your magical effects are unravelling.
You feel magically purged.
You feel less wooden.
Your +0 chain mail unmelds from your body.
The hobgoblin hits you from afar with a +0 scythe!
You die...

#.# #.# #.#
#.# ## #.#
.(# #.# ....
#.# .....
#.####g.....
#..@.gg.....
############


You could see 3 hobgoblins.

Vanquished Creatures
  A centaur (D:4)
  A jelly (D:4)
  4 adders
  A gnoll (D:3)
  An ufetubus (D:4)
  3 worms (D:3)
  2 dart slugs
  4 orcs (D:3)
  4 ball pythons
  6 endoplasms
  2 giant cockroaches (D:1)
  8 goblins
  4 hobgoblins
  3 jackals (D:4)
  9 kobolds
  3 quokkas
  4 bats
  2 frilled lizards
  2 rats
64 creatures vanquished.

Notes
Turn   | Place    | Note
-------+----------+-------------------------------------------
     0 | D:1      | funkygono the Formicid Fighter began the quest for the Orb.
     0 | D:1      | Reached XP level 1. HP: 18/18 MP: 1/1
    45 | D:1      | Noticed an ogre
    45 | D:1      | Noticed an ogre
    46 | D:1      | Noticed an ogre
   148 | D:1      | Noticed an ogre
   304 | D:1      | Reached XP level 2. HP: 24/24 MP: 2/2
   551 | D:1      | Reached skill level 4 in Shields
   603 | D:1      | Found a faded altar of an unknown god.
   617 | D:1      | Reached XP level 3. HP: 22/29 MP: 3/3
   788 | D:1      | Found Ushata's Antique Armour Emporium.
  1088 | D:2      | Found a bloodstained altar of Trog.
  1453 | D:3      | Found Fuwuetig's Antique Armour Shop.
  1777 | D:3      | Reached XP level 4. HP: 31/36 MP: 4/4
  2870 | D:4      | Noticed a centaur
  2882 | D:4      | Killed a centaur
  2883 | D:4      | Reached XP level 5. HP: 8/42 MP: 5/5
  3493 | D:4      | Reached XP level 6. HP: 37/48 MP: 6/6
  4008 | D:4      | Reached skill level 5 in Shields
  4048 | D:4      | HP: 2/48 [hobgoblin (4)]
  4052 | D:4      | Slain by a hobgoblin

Illustrated notes

Levels and vault maps discovered:
D:1:      erik_arrival_cave_to_civilisation [erik_arrival_cave_to_temple],
          layout_basic, serial_shops, nicolae_shop_overgrown_old_shop,
          ebering_ecumenical_altar_sacrificial, serial_bayou_pond_b
D:2:      layout_basic, serial_co_window_serial, co_window_corner_a,
          co_window_of_opportunity_a, co_window_paths_a, co_window_paths_a,
          co_window_of_opportunity_a, co_window_unsneaky_path_b,
          co_window_broadway_a, co_window_2corner, glass_columns_c,
          glass_columns_b, glass_columns_a, glass_columns_a, glass_columns_b,
          basic_altar
D:3:      layout_loops_corners, serial_shops, shop, chequers_decorated_corner,
          hangedman_glass_teeth, kennysheep_generic_room_16
D:4:      layout_basic, sigmund_army

Skill      XL: |  1  2  3  4  5  6 |
---------------+-------------------+-----
Shields        | 4 5 |  5.0
Maces & Flails | 3 4 |  4.1
Armour         | 4 |  4.3
Fighting       | |  3.9
Dodging        | |  0.6

Action                   |  1- 3 |  4- 6 || total
-------------------------+-------+-------++-------
Melee: Flail             |    88 |   128 ||   216
  Use: Scroll            |     2 |     3 ||     5
       Potion            |       |     3 ||     3
Armor: Scale mail        |     3 |       ||     3
       Chain mail        |    48 |    72 ||   120
Dodge: Dodged            |    27 |    42 ||    69
Block: Kite shield       |    49 |    95 ||   144

Table legend: (Time is in decaauts)
 A = Elapsed time spent in this place.
 B = Non-inter-level travel time spent in this place.
 C = Inter-level travel time spent in this place.
 D = Time resting spent in this place.
 E = Time spent auto-exploring this place.
 F = Levels seen in this place.
 G = Mean time per level.
                   A        B        C        D        E       F      G
               +--------+--------+--------+--------+--------+-----+--------+
         Total |   4142 |   4091 |     51 |    222 |   3132 |   4 | 1035.5 |
       Dungeon |   4142 |   4091 |     51 |    222 |   3132 |   4 | 1035.5 |
               +--------+--------+--------+--------+--------+-----+--------+

Top non-repeatable levels by time:
     D:3: 1459 daAuts
     D:4: 1220 daAuts
     D:1: 1076 daAuts
     D:2: 386 daAuts
